 Dungeon Crawl Stone Soup version 0.16-a0-4053-g5391420 (webtiles) character file.

4791 BluebellGnoll the Fighter (level 10, -2/117 HPs)
             Began as an Ogre Hunter on Feb 19, 2015.
             Was a High Priest of Trog.
             Slain by Josephine
             ... wielding a +0 dagger
              (4 damage)
             ... on level 10 of the Dungeon on Feb 20, 2015.
             The game lasted 00:46:00 (10533 turns).

BluebellGnoll the Fighter (Ogre Hunter)            Turns: 10533, Time: 00:46:01

Health: -2/117     AC:  4    Str: 19    XL:     10   Next: 47%
Magic:  10/10      EV: 12    Int: 10    God:    Trog [*****.]
Gold:   512        SH:  0    Dex: 13    Spells: 0 memorised, 9 levels left

rFire  + . .     SeeInvis .     S - +2 flail (drain)
rCold  . . .     Clarity  .     d - +1 animal skin
rNeg   . . .     SustAb   .     (shield restricted)
rPois  .         Gourm    .     (helmet restricted)
rElec  .         Spirit   .     (no cloak)
rCorr  +         Warding  .     (gloves unavailable)
rMut   .         Stasis   .     (boots unavailable)
MR     ++...                    T - amulet of resist corrosion
Stlth  +.........               M - ring of protection from magic
                                e - ring of protection from fire

@: very resistant to hostile enchantments, very unstealthy
A: unfitting armour, tough skin 1, MP-powered wands 1
a: Burn Spellbooks, Berserk, Trog's Hand, Brothers in Arms, Renounce Religion


You were on level 10 of the Dungeon.
You worshipped Trog.
Trog was extremely pleased with you.
You were hungry.

You visited 2 branches of the dungeon, and saw 11 of its levels.

You collected 512 gold pieces.

Inventory:

Hand weapons
 m - a +0 whip of holy wrath
 u - a +1 whip of electrocution
 Q - a +0 blowgun
 S - a +2 flail of draining (weapon)
Missiles
 b - 2 large rocks (quivered)
 c - 4 throwing nets
 g - 4 tomahawks of returning
 h - 301 stones
 i - 13 tomahawks
 t - 5 javelins of returning
 y - 63 poisoned needles
 C - 5 javelins
 R - 3 poisoned tomahawks
Armour
 d - a +1 animal skin (worn)
 P - a shadow dragon hide
Jewellery
 e - a ring of protection from fire (left hand)
 f - an uncursed ring of sustain abilities
 D - an uncursed ring of invisibility
 M - a ring of protection from magic (right hand)
 T - an amulet of resist corrosion (around neck)
Magical devices
 r - a wand of polymorph (11)
 G - a wand of paralysis (6)
 J - a wand of teleportation (4)
 N - a wand of random effects (30)
Scrolls
 j - 2 scrolls of fog
 l - 2 scrolls of remove curse
 q - 2 scrolls of teleportation
 w - 2 scrolls of recharging
 K - 2 scrolls of identify
 L - a scroll of blinking
Potions
 k - a potion of haste
 o - 2 potions of heal wounds
 p - a potion of mutation {unknown}
 s - a potion of restore abilities
 v - a potion of cancellation {unknown}
 x - a potion of agility {unknown}
 A - a potion of beneficial mutation
 F - a potion of curing {unknown}
 H - a potion of flight {unknown}
 O - a potion of lignification {unknown}
Miscellaneous
 n - a plain deck of war
Comestibles
 a - 5 meat rations
 z - 6 bread rations
 B - 3 beef jerkies
 E - 4 fruits
 I - 2 royal jellies


   Skills:
 * Level 12.3 Fighting
 * Level 10.9 Maces & Flails
 - Level 8.2 Throwing
 - Level 4.9 Dodging
 - Level 0.7 Stealth


You had 9 spell levels left.
You didn't know any spells.

Dungeon Overview and Level Annotations

Branches:
Dungeon (10/15)            Temple (1/1) D:4            Lair (0/8) D:10
    Orc: D:9-12

Altars:
Cheibriados
Dithmenos
Gozag
Nemelex Xobeh
Trog
Xom
Zin

Shops:
D:4 (

Annotations:
D:10 Josephine


Innate Abilities, Weirdness & Mutations

You are too large for most types of armour.
You have tough skin (AC +1).
You expend magic power (3 MP) to slightly strengthen your wands.


Message History

Aim: Josephine, wielding a dagger and wearing a glowing robe (severely wounded, fast, poisoned)
You throw a large rock.
The large rock closely misses Josephine.
Throwing (i - inventory. (,) - cycle):
b - 4 large rocks (quivered)
Press: ? - help, Shift-Dir - straight line, f/p - Josephine
Aim: Josephine, wielding a dagger and wearing a glowing robe (severely wounded, fast, poisoned)
You throw a large rock.
The large rock hits Josephine but does no damage.
Josephine is severely wounded.
Josephine casts a spell at you.
The ghostly flame explodes!
The ghostly fireball engulfs you!
* * * LOW HITPOINT WARNING * * *
You hear a shout!
Throwing (i - inventory. (,) - cycle):
b - 3 large rocks (quivered)
Press: ? - help, Shift-Dir - straight line, f/p - Josephine
Aim: Josephine, wielding a dagger and wearing a glowing robe (severely wounded, fast, poisoned)
You throw a large rock. The large rock hits Josephine.
Josephine is severely wounded.
Josephine hits you with a dagger.
You die...

.####..###.##.#......#
#. ##..#..###^..<...#
##...## #......##
##...# ###..### ##
#.>.## ##.# ##.
#..(.## #.## #..
##....## #..# #..
#####....# ##.###..
#.@#..# #.. #..##..
###@..# #...#)#...
##W## ####.)... #.W##
#..).. ####(..##
##.... #..W....#
##..... #...W...(##
#..#### #(.(......#
##..# # #(.(.......#
##..##


You could see Josephine and 2 wraiths.

Vanquished Creatures
  The ghost of Poody the Spear-Bearer, an experienced MfGl (D:5)
  Grinder (D:3)
  2 wraiths (D:10)
  A hippogriff (D:8)
  The ghost of Uberwunderbarhen the Firebug, an average DEFE (D:3)
  A black bear (D:10)
  2 sky beasts
  5 ogres
  3 ice beasts
  2 orc warriors (D:7)
  A phantom (D:7)
  3 centaurs
  2 boring beetles (D:10)
  2 giant frogs
  2 scorpions
  4 wights (D:6)
  A crimson imp (D:7)
  A goliath beetle (D:10)
  3 jellies
  4 giant frog zombies
  7 orc priests
  A centaur skeleton (D:4)
  4 hounds
  A giant frog skeleton (D:10)
  3 iguanas
  8 worker ants
  11 orc wizards
  Ijyb (D:4)
  A worker ant zombie (D:9)
  Robin (D:3)
  10 adders
  9 gnolls
  2 shadow imps
  4 worms
  An adder zombie (D:7)
  60 orcs
  2 bat zombies
  6 giant cockroaches
  15 hobgoblins
  12 jackals
  4 oozes
  A quokka (D:3)
  21 bats
  3 giant geckos
  A giant gecko skeleton (D:8)
  5 giant newts
  A giant spore (D:6)
  20 goblins
  19 kobolds
  A quokka skeleton (D:8)
  A quokka zombie (D:5)
  21 rats
  3 ballistomycetes (D:6)
302 creatures vanquished.

Vanquished Creatures (others)
  An orc (D:6)
1 creature vanquished.

Grand Total: 303 creatures vanquished

Notes
Turn   | Place    | Note
--------------------------------------------------------------
     0 | D:1      | BluebellGnoll, the Ogre Hunter, began the quest for the Orb.
     0 | D:1      | Reached XP level 1. HP: 22/22 MP: 1/1
   383 | D:1      | Reached XP level 2. HP: 22/31 MP: 2/2
   481 | D:1      | Reached skill level 1 in Maces & Flails
  1153 | D:2      | Found a shadowy altar of Dithmenos.
  1162 | D:2      | Reached XP level 3. HP: 35/39 MP: 3/3
  1677 | D:2      | Reached XP level 4. HP: 27/48 MP: 4/4
  2552 | D:3      | Noticed Robin
  2554 | D:3      | Killed Robin
  2554 | D:3      | Reached skill level 5 in Maces & Flails
  2620 | D:3      | Reached XP level 5. HP: 40/54 MP: 5/5
  3024 | D:3      | Noticed Uberwunderbarhen's ghost (average DEFE)
  3042 | D:3      | Killed Uberwunderbarhen's ghost
  3042 | D:3      | Reached skill level 7 in Maces & Flails
  3042 | D:3      | Reached XP level 6. HP: 22/62 MP: 6/6
  3318 | D:3      | Found a bloodstained altar of Trog.
  3324 | D:3      | Became a worshipper of Trog the Wrathful
  3396 | D:4      | Noticed Grinder
  3419 | D:3      | Killed Grinder
  3419 | D:3      | Reached skill level 8 in Maces & Flails
  3419 | D:3      | Reached XP level 7. HP: 36/68 MP: 7/7
  3579 | D:4      | Reached skill level 9 in Maces & Flails
  3607 | D:4      | Noticed Ijyb
  3652 | D:4      | Killed Ijyb
  3782 | D:4      | Found a staircase to the Ecumenical Temple.
  3789 | Temple   | Entered the Ecumenical Temple
  3839 | D:4      | Reached skill level 5 in Fighting
  3890 | D:4      | Acquired Trog's first power
  4108 | D:4      | Reached XP level 8. HP: 57/84 MP: 8/8
  4194 | D:4      | Found Klooniocwa's Weapon Shoppe.
  4328 | D:4      | Acquired Trog's second power
  4368 | D:4      | Found a sparkling altar of Nemelex Xobeh.
  4744 | D:5      | Entered Level 5 of the Dungeon
  4919 | D:5      | Found a shimmering altar of Xom.
  5263 | D:5      | Found a glowing silver altar of Zin.
  5375 | D:5      | Noticed Poody's ghost (experienced MfGl)
  5390 | D:5      | Killed Poody's ghost
  5390 | D:5      | Reached skill level 11 in Fighting
  5390 | D:5      | Reached XP level 9. HP: 90/105 MP: 9/9
  5484 | D:5      | Found a snail-covered altar of Cheibriados.
  5794 | D:6      | Reached skill level 5 in Throwing
  5861 | D:6      | Found a glowing silver altar of Zin.
  6540 | D:6      | Found an opulent altar of Gozag.
  7182 | D:7      | Acquired Trog's third power
  7641 | D:7      | Upgraded the game from 0.16-a0-4038-ge07a62f to 0.16-a0-4053-g5391420
  7901 | D:8      | Reached XP level 10. HP: 86/114 MP: 10/10
  8157 | D:8      | Received a gift from Trog
  8246 | D:9      | Gained mutation: You expend magic power (3 MP) to slightly strengthen your wands. [mutagenic meat]
  8478 | D:9      | Reached skill level 10 in Maces & Flails
  9792 | D:10     | Entered Level 10 of the Dungeon
  9824 | D:10     | Received a gift from Trog
  9828 | D:10     | Reached skill level 12 in Fighting
 10202 | D:10     | Found a staircase to the Lair.
 10520 | D:10     | Noticed Josephine
 10532 | D:10     | HP: 1/117 [Josephine/ghostly fireball (24)]
 10533 | D:10     | Slain by Josephine

Action                   |  1- 3 |  4- 6 |  7- 9 | 10-12 || total
-------------------------+-------+-------+-------+-------++-------
Melee: Short sword       |    58 |       |       |       ||    58
       Club              |   111 |    72 |       |       ||   183
       Whip              |       |   114 |   426 |   165 ||   705
       Unarmed           |       |       |    28 |       ||    28
       Flail             |       |       |       |    17 ||    17
Throw: Large rock        |     2 |    10 |    13 |     3 ||    28
       Stone             |       |    24 |    57 |       ||    81
       Javelin           |       |     8 |    38 |     9 ||    55
       Throwing net      |       |     4 |       |       ||     4
       Tomahawk          |       |       |    57 |    70 ||   127
Invok: Burn Spellbooks   |       |       |     1 |       ||     1
       Trog's Hand       |       |       |     1 |     1 ||     2
  Use: Scroll            |       |       |    16 |     6 ||    22
       Potion            |       |       |     1 |       ||     1
 Stab: Sleeping          |       |       |     8 |     2 ||    10
  Eat: Chunk             |     2 |     6 |    11 |     3 ||    22
       Bread ration      |       |       |     1 |       ||     1
       Meat ration       |       |       |       |     1 ||     1
